 Dungeon Crawl Stone Soup version 0.19.5 (webtiles) character file.

239 equalderp2856 the Scratcher (level 5, -2/24 HPs)
             Began as a Felid Fighter on Mar 7, 2017.
             Killed by divine providence
             ... invoked by an orc priest
              (17 damage)
             ... on level 4 of the Dungeon.
             The game lasted 00:12:38 (5499 turns).

equalderp2856 the Scratcher (Felid Fighter)         Turns: 5499, Time: 00:12:40

Health: -2/24      AC:  2    Str: 13    XL:     5   Next: 79%
Magic:  6/6        EV: 20    Int: 10    God:
Gold:   213        SH:  0    Dex: 16    Spells: 0 memorised, 4 levels left
                                        Lives:  0   Deaths: 1

rFire  . . .     SeeInvis +       - Unarmed
rCold  . . .     Gourm    .     (armour unavailable)
rNeg   . . .     Faith    .     (shield unavailable)
rPois  .         Spirit   .     (helmet unavailable)
rElec  .         Reflect  .     (cloak unavailable)
rCorr  .         Harm     .     (gloves unavailable)
MR     .....                    (boots unavailable)
Stlth  +++.......               (no amulet)
                                (no ring)
                                (no ring)

@: quick
A: no armour, no weapons or thrown items, stealth, claws 1, fangs 3, see
invisible, carnivore 3, speed 1, shaggy fur 2, slow metabolism 1, sharp paws
a: no special abilities


You were on level 4 of the Dungeon.
You were not hungry.

You visited 1 branch of the dungeon, and saw 4 of its levels.

You collected 213 gold pieces.

Inventory:

Missiles
 l - 72 arrows
Scrolls
 c - a scroll of fear {unknown}
 f - 4 scrolls of enchant weapon {unknown}
 g - 8 scrolls of identify {unknown}
 h - 4 scrolls of immolation {unknown}
 i - 2 scrolls of remove curse {unknown}
 k - 2 scrolls of enchant armour {unknown}
 m - 2 scrolls of amnesia {unknown}
Potions
 a - a potion of might
 d - 2 potions of haste {unknown}
 e - 2 potions of cancellation {unknown}
 j - a potion of cure mutation {unknown}
 n - a potion of agility {unknown}
 p - 4 potions of lignification {unknown}
 r - a potion of magic {unknown}
 t - 4 potions of curing {unknown}
Books
 u - a book of Geomancy

   Spells                             Type                      Level
   a - Sandblast                      Earth                        1
   b - Passwall                       Transmutation/Earth          2
   c - Stone Arrow                    Conjuration/Earth            3
   d - Petrify                        Transmutation/Earth          4
   e - Lee's Rapid Deconstruction     Earth                        5
Comestibles
 b - 5 meat rations
 o - 5 fruits
 q - 3 bread rations
 s - a beef jerky


   Skills:
 + Level 3.5 Fighting
 + Level 5.2 Dodging
 + Level 5.4 Stealth
 + Level 6.4 Unarmed Combat


You had 4 spell levels left.
You didn't know any spells.

Dungeon Overview and Level Annotations

Branches:
Dungeon (4/15)
 Temple: D:4-7

Altars:
Elyvilon
Hepliaklqana
Kikubaaqudgha
Okawaru
Qazlal

Annotations:
D:4 Edmund


Innate Abilities, Weirdness & Mutations

You cannot wear armour.
You are incapable of wielding weapons or throwing items.
Your paws allow you to move quietly. (Stealth)
You have sharp claws.
You have razor-sharp teeth.
You have supernaturally acute eyesight. (SInv)
You are carnivorous and can eat meat at any time.
You cover ground quickly.
You are covered in thick fur. (AC +2)
You have a slow metabolism.
Your sharp claws are effective at attacking unaware monsters.


Message History

You see here a ring mail.
You see here a ring mail.
You scratch the orc. You bite the orc.
The orc is heavily wounded.
The orc hits you with a +0 mace.
You closely miss the orc.
The orc is heavily wounded.
The orc hits you with a +0 mace.
You claw the orc!
You kill the orc!
You scratch the orc.
The orc is lightly wounded.
The orc completely misses you.
You closely miss the orc.
The orc is lightly wounded.
The orc misses you.
The orc priest calls down the wrath of Beogh upon you.
Beogh smites you!
Ouch! That really hurt!
You die...

#.........# ##.######## ##
#.# .####### #.# .......#
#.##### .#####.# #.....#
######### .)@..@.#
#.###.####.......#
..(###.#########........##.#
.#.###.#.......#@###.##.##.#
##.....#.#...#.#o# #.##.##.#
######.#.......#o# #.##.##.#
.......'.)Oo...†.# #.......#
.......#..†....### ####.####
########.#..o#.# #...# #
#.......# ###.# # #########
#.# ### ##.....## ### #.#


You could see an orc priest and an orc.

Vanquished Creatures
  A centaur (D:4)
  A bullfrog (D:4)
  An iguana (D:4)
  3 worker ants
  7 gnolls
  6 adders
  An adder skeleton (D:3)
  2 worms (D:2)
  3 leopard geckos
  3 orcs (D:4)
  3 giant cockroaches
  8 goblins
  7 hobgoblins
  5 jackals
  2 quokkas (D:4)
  2 ball pythons
  10 bats
  7 frilled lizards
  7 kobolds
  A quokka skeleton (D:4)
  8 rats
88 creatures vanquished.

Vanquished Creatures (others)
  4 toadstools (D:1)
4 creatures vanquished.

Grand Total: 92 creatures vanquished

Notes
Turn   | Place    | Note
-------+----------+-------------------------------------------
     0 | D:1      | equalderp2856 the Felid Fighter began the quest for the Orb.
     0 | D:1      | Reached XP level 1. HP: 10/10 MP: 2/2
   225 | D:1      | Reached XP level 2. HP: 9/14 MP: 3/3
   632 | D:1      | Reached skill level 1 in Stealth
   816 | D:2      | Reached XP level 3. HP: 14/17 MP: 4/4
   936 | D:2      | Found a hazy altar of Hepliaklqana.
  1518 | D:2      | Found a stormy altar of Qazlal.
  1779 | D:2      | Reached XP level 4. HP: 21/21 MP: 5/5
  2164 | D:3      | Found a white marble altar of Elyvilon.
  2304 | D:3      | Reached skill level 5 in Unarmed Combat
  2637 | D:3      | Reached XP level 5. HP: 24/24 MP: 6/6
  2657 | D:3      | Found an iron altar of Okawaru.
  2981 | D:4      | Reached skill level 5 in Dodging
  3022 | D:4      | HP: 1/24 [gnoll/club (10)]
  4021 | D:4      | Gained mutation: You are covered in thick fur. (AC +2) [Felid growth]
  4021 | D:4      | Reached XP level 6. HP: 28/28 MP: 7/7
  4115 | D:4      | Reached skill level 6 in Unarmed Combat
  4474 | D:4      | Reached skill level 5 in Stealth
  4577 | D:4      | Found an ancient bone altar of Kikubaaqudgha.
  4676 | D:4      | Noticed Edmund
  5464 | D:4      | Slain by an orc
  5465 | D:4      | Reached XP level 5. HP: 0/24 MP: 6/6
  5499 | D:4      | Killed from afar by an orc priest

Skill      XL: |  1  2  3  4  5  6 |
---------------+-------------------+-----
Stealth        | 1 2 3 4 5 |  5.4
Unarmed Combat | 5 6 |  6.4
Dodging        | 5 |  5.2
Fighting       | |  3.5

Action                   |  1- 3 |  4- 6 || total
-------------------------+-------+-------++-------
Melee: Unarmed           |    87 |   165 ||   252
       Bite              |     6 |    22 ||    28
       Punch             |     1 |     4 ||     5
 Stab: Sleeping          |     7 |     8 ||    15
  Eat: Chunk             |     8 |     7 ||    15
Armor: Skin              |     1 |     5 ||     6
Dodge: Dodged            |    56 |   138 ||   194
